 Dungeon Crawl Stone Soup version 0.30-a0-626-gd6a5dd7a1f (webtiles) character file.

Game seed: 13970713546911741895

41 avis the Shooter (level 3, -1/30 HPs)
             Began as a Demigod Hunter on Jan 12, 2023.
             Slain by a gnoll
             ... wielding a +0 whip
              (2 damage)
             ... on level 1 of the Dungeon.
             The game lasted 00:06:55 (797 turns).

avis the Shooter (Demigod Hunter)                    Turns: 797, Time: 00:06:55

Health: -1/30      AC:  3    Str: 12    XL:     3   Next: 16%
Magic:  5/5        EV: 12    Int: 11    God:
Gold:   48         SH:  0    Dex: 21    Spells: 2/2 levels left

rFire   . . .      SeeInvis .    b - +0 shortbow
rCold   . . .      Faith    .    (shield currently unavailable)
rNeg    . . .      Spirit   .    c - +0 leather armour
rPois   .          Reflect  .    (no helmet)
rElec   .          Harm     .    (no cloak)
rCorr   .          Rampage  .    (no gloves)
Will    .....                    (no boots)
Stlth   ++                       (no amulet)
HPRegen 0.25/turn                (no ring)
MPRegen 0.09/turn                (no ring)

@: no status effects
A: high MP 1, forlorn, divine attributes
a: no special abilities


You were on level 1 of the Dungeon.
You visited 1 branch of the dungeon, and saw 2 of its levels.

You collected 48 gold pieces.

Inventory:

Hand Weapons
 a - a +0 dagger
 b - a +0 shortbow (weapon)
Missiles
 e - 13 stones
 n - 3 javelins
Armour
 c - a +0 leather armour (worn)
 d - a +0 ring mail
 f - a +0 buckler
Scrolls
 h - a scroll of immolation
 i - a scroll of enchant armour {unknown}
 j - a scroll of magic mapping {unknown}
 l - a scroll of noise {unknown}
 o - a scroll of identify {unknown}
Potions
 m - a potion of lignification {unknown}


   Skills:
 * Level 2.9 Fighting
 - Level 4.0 Ranged Weapons
 - Level 2.0 Dodging
 - Level 1.0 Stealth


You had 2 spell levels left.
You didn't know any spells.
Your spell library contained the following spells:

 Spells                   Type           Power      Damage    Failure   Level
 Ensorcelled Hibernation  Hex/Ice        0%         N/A       56%         2
 Ozocubu's Armour         Ice            0%         N/A       80%         3
 Spider Form              Tmut/Pois      0%         N/A       80%         3
 Anguish                  Hex/Necr       0%         N/A       99%         4
 Ozocubu's Refrigeration  Ice            0%         4d7       100%        7


Dungeon Overview and Level Annotations

Branches:
Dungeon (2/15)

Shops:
D:1 (


Innate Abilities, Weirdness & Mutations

You have an increased reservoir of magic. (+10% MP)
You shall have no god before yourself.
Your divine heritage dramatically boosts your attributes as you level up.


Message History

You shoot an arrow.
The arrow hits the gnoll but does no damage.
The gnoll is moderately wounded.
The gnoll hits you with a +0 whip.
Fire: b) +0 shortbow
Press: ? - help, Q - select action, (/) - cycle Shift-Dir - straight line, f/p - gnoll
Aim: a gnoll, wielding a +0 whip (moderately wounded, 69% to hit)
You shoot an arrow. The arrow closely misses the gnoll.
The gnoll barely misses you. x2
Fire: b) +0 shortbow
Press: ? - help, Q - select action, (/) - cycle Shift-Dir - straight line, f/p - gnoll
Aim: a gnoll, wielding a +0 whip (moderately wounded, 69% to hit)
You shoot an arrow. The arrow closely misses the gnoll.
The gnoll hits you but does no damage.
Fire: b) +0 shortbow
Press: ? - help, Q - select action, (/) - cycle Shift-Dir - straight line, f/p - gnoll
Aim: a gnoll, wielding a +0 whip (moderately wounded, 69% to hit)
You shoot an arrow. The arrow hits the gnoll.
The gnoll is severely wounded.
The gnoll hits you with a +0 whip.
* * * LOW HITPOINT WARNING * * *
The gnoll closely misses you.
Fire: b) +0 shortbow
Press: ? - help, Q - select action, (/) - cycle Shift-Dir - straight line, f/p - gnoll
Aim: a gnoll, wielding a +0 whip (severely wounded, 69% to hit)
You shoot an arrow. The arrow hits the gnoll.
The gnoll is almost dead.
The gnoll hits you with a +0 whip!
* * * LOW HITPOINT WARNING * * *
Fire: b) +0 shortbow
Press: ? - help, Q - select action, (/) - cycle Shift-Dir - straight line, f/p - gnoll
Aim: a gnoll, wielding a +0 whip (almost dead, 69% to hit)
You shoot an arrow. The arrow closely misses the gnoll.
The gnoll barely misses you.
Fire: b) +0 shortbow
Press: ? - help, Q - select action, (/) - cycle Shift-Dir - straight line, f/p - gnoll
Aim: a gnoll, wielding a +0 whip (almost dead, 69% to hit)
You shoot an arrow. The arrow closely misses the gnoll.
The gnoll hits you with a +0 whip.
You die...

#.####.#.#.## #.# #..#.#
#.####.#..#.## #.# #..#.#
..##.....###.###.# #....#
####.#..## ##.##.# #.##.#
####.#)## ##...#####.##.#
.......>## ##.............#
.###.##..###.#########.##.#
.###.##...#..#######.#.##.#
..##.##.......†g@.#....##.#
.........#.#.####......##.#
..##.##..#....###.........#
.###.##..#........>......##
.###.##..##...#.#.......##
...).........#.........##
####...........)..#...##
##############....##.############
.......[...................).....


You could see a gnoll.

Vanquished Creatures
  2 gnolls (D:1)
  3 ball pythons (D:1)
  2 endoplasms (D:1)
  3 goblins (D:1)
  2 jackals (D:1)
  A kobold (D:1)
  2 quokkas (D:1)
  2 bats (D:1)
  2 frilled lizards (D:1)
  A rat (D:1)
20 creatures vanquished.

Notes
Turn   | Place    | Note
-------+----------+-------------------------------------------
     0 | D:1      | avis the Demigod Hunter began the quest for the Orb.
     0 | D:1      | Reached XP level 1. HP: 17/17 MP: 3/3
    48 | D:1      | Found Nuaplaes's Weapon Boutique.
   156 | D:1      | Reached skill level 4 in Ranged Weapons
   278 | D:1      | Reached XP level 2. HP: 24/24 MP: 4/4
   308 | D:1      | Reached skill level 1 in Stealth
   789 | D:1      | Reached XP level 3. HP: 15/30 MP: 5/5
   795 | D:1      | HP: 1/30 [gnoll/+0 whip (9)]
   797 | D:1      | Slain by a gnoll

Illustrated notes

Levels and vault maps discovered:
D:1:      lightli_arrival_statue_moat, layout_loops_ring, serial_shops,
          nicolae_shop_bloodbath_and_beyond
D:2:      kennysheep_the_goblin_king, layout_basic, hangedman_decor_riveting,
          chequers_serial_rivers_micro_e

Skill      XL: |  1  2 |
---------------+-------+-----
Fighting       | 2 |  2.9
Ranged Weapons | 4 |  4.0
Dodging        | 2 |  2.0
Stealth        | 1 |  1.0

Action                   || total
-------------------------++-------
 Fire: Shortbow          ||    80
  Use: Potion            ||     1
Armor: Leather armour    ||    18
Dodge: Dodged            ||    62

Table legend: (Time is in decaauts)
 A = Elapsed time spent in this place.
 B = Non-inter-level travel time spent in this place.
 C = Inter-level travel time spent in this place.
 D = Time resting spent in this place.
 E = Time spent auto-exploring this place.
 F = Levels seen in this place.
 G = Mean time per level.
                   A        B        C        D        E       F      G
               +--------+--------+--------+--------+--------+-----+--------+
         Total |    824 |    728 |     96 |     77 |    396 |   2 |  412.0 |
       Dungeon |    824 |    728 |     96 |     77 |    396 |   2 |  412.0 |
               +--------+--------+--------+--------+--------+-----+--------+

Top non-repeatable levels by time:
     D:1: 811 daAuts
     D:2: 13 daAuts
